Map: Port Aleksander LE

Players

MaNa - Winner!

  • Race: Protoss Protoss
  • Spawn Location: 5:00

JonSnow

  • Race: Zerg Zerg
  • Spawn Location: 11:00

Event: 2019 WCS Spring

VOD

Have the link to the VOD?

Description

Time

  • Played on: May 17, 2019, 3:50 p.m.
  • Length: 9:16

All games in this series

Show
View Real Time Build Order
Export as new Build Order

MaNa Protoss - Winner!

Build Orders: 1 Gate Expand, Archon Immortal 

Get SALT Encoding   

  12  0:00  Probe  
  13  0:12  Probe  
  14  0:18  Pylon  
  14  0:24  Probe  
  15  0:32  Probe  
  15  0:41  Probe  
  16  0:44  Gateway  
  16  0:49  Assimilator  
  17  0:51  Probe  
  18  0:59  Probe  
  19  1:07  Probe  
  20  1:26  Nexus  
  20  1:35  Cybernetics Core  
  20  1:38  Probe  
  21  1:45  Assimilator  
  21  1:50  Probe  
  22  1:54  Pylon  
  22  2:02  Adept  
  22  2:03  Probe  
  23  2:15  Robotics Facility  
  25  2:17  Probe  
  26  2:24  Adept  
  26  2:29  Probe  
  27  2:31  Warp Gate  
  28  2:41  Probe x2  
  30  2:52  Shield Battery  
  30  3:00  Immortal, Adept  
  30  3:03  Pylon  
  36  3:19  Shield Battery  
  35  3:23  Probe  
  35  3:26  Probe  
  37  3:29  Warp Prism  
  37  3:38  Sentry  
  39  3:41  Probe  
  39  3:42  Probe  
  41  3:53  Probe  
  41  3:54  Probe  
  43  4:06  Probe x2  
  43  4:08  Shield Battery  
  46  4:16  Immortal  
  46  4:18  Probe  
  43  4:24  Probe  
  43  4:29  Adept  
  43  4:30  Probe  
  48  4:36  Probe  
  49  4:42  Assimilator  
  49  4:44  Pylon  
  49  4:51  Adept  
  50  5:13  Stalker  
  50  5:14  Probe x2  
  50  5:16  Shield Battery  
  54  5:31  Pylon  
  54  5:38  Stalker  
  54  5:39  Pylon  
  54  5:49  Probe x2  
  56  5:50  Pylon  
  56  5:51  Twilight Council  
  56  5:54  Gateway  
  56  6:20  Probe x2  
  56  6:25  Gateway  
  58  6:26  Gateway  
  58  6:28  Probe x2  
  58  6:29  Charge, Gateway  
  60  6:33  Dark Shrine  
  60  6:37  Probe x2  
  60  6:39  Assimilator  
  60  6:44  Sentry  
  64  6:49  Probe x2  
  64  6:52  Pylon  
  62  7:01  Probe x2  
  64  7:06  Pylon  
  64  7:12  Zealot  
  64  7:13  Probe x2  
  68  7:25  Probe  
  68  7:28  Gateway  
  69  7:32  Immortal  
  69  7:34  Gateway  
  73  7:48  Dark Templar x4  
  81  8:11  Immortal  
  83  8:16  Nexus  
  83  8:19  Pylon  
  83  8:21  Dark Templar  
  83  8:22  Zealot x3  
  83  8:23  Zealot  
  83  8:25  Archon x2  
  93  8:28  Pylon  
  93  8:30  Pylon  
  93  8:34  Pylon  
  93  8:39  Pylon  
  93  8:40  Shield Battery  
  93  8:48  Sentry x2  
  93  8:49  Sentry x2  
  93  9:02  Zealot  
  85  9:11  Zealot  
  85  9:12  Zealot x4  
Show
View Real Time Build Order
Export as new Build Order

JonSnow Zerg 

Build Orders: Pool First 

Get SALT Encoding   

  12  0:01  Drone  
  13  0:12  Overlord  
  13  0:18  Drone  
  14  0:31  Drone x2  
  14  0:35  Drone  
  17  0:45  Extractor  
  17  0:46  Drone  
  17  0:53  Spawning Pool  
  17  0:56  Drone  
  17  1:19  Hatchery  
  17  1:23  Drone  
  17  1:39  Queen  
  19  1:40  Zergling x2  
  19  1:42  Zergling x2  
  21  1:48  Metabolic Boost  
  21  1:56  Overlord  
  21  2:06  Drone  
  22  2:16  Drone x2  
  24  2:41  Lair  
  24  2:42  Zergling x8  
  24  2:43  Queen  
  30  2:54  Zergling x6  
  32  2:59  Zergling x2  
  32  3:03  Zergling x2  
  34  3:08  Zergling x4  
  35  3:16  Zergling x2  
  35  3:21  Overlord  
  35  3:26  Zergling x2  
  34  3:42  Zergling x10  
  39  3:49  Zergling x4  
  41  4:00  Zergling x4  
  43  4:04  Zergling x2  
  42  4:17  Zergling x2  
  39  4:24  Zergling x12  
  39  4:29  Zergling x2  
  43  4:35  Zergling x2  
  43  4:42  Zergling x2  
  43  4:45  Zergling x6  
  40  4:59  Zergling x4  
  41  5:04  Zergling x2  
  40  5:12  Zergling x4  
  38  5:19  Zergling x2  
  39  5:22  Zergling x2  
  40  5:28  Drone  
  40  5:31  Spire  
  40  5:32  Extractor  
  40  5:33  Extractor  
  40  5:35  Drone x4  
  41  5:36  Drone x2  
  41  5:41  Extractor  
  43  5:44  Drone  
  43  5:46  Overlord  
  44  6:03  Drone  
  44  6:08  Drone x2  
  43  6:16  Drone  
  43  6:17  Drone x5  
  49  6:24  Drone x2  
  51  6:27  Hydralisk Den  
  51  6:31  Queen  
  51  6:34  Overlord  
  51  6:43  Drone  
  52  6:51  Overlord  
  50  6:55  Drone x3  
  50  6:58  Grooved Spines  
  50  6:59  Hydralisk x2  
  57  7:05  Hydralisk  
  59  7:14  Drone x2  
  59  7:15  Drone x3  
  63  7:24  Overlord x2  
  63  7:39  Hatchery  
  63  7:44  Drone  
  63  7:47  Hydralisk x2  
  63  7:48  Hydralisk  
  69  7:53  Hydralisk x2  
  69  7:58  Overseer  
  73  8:06  Hydralisk  
  72  8:17  Hydralisk  
  72  8:19  Overlord x2  
  74  8:20  Overlord  
  73  8:27  Overseer, Drone  
  73  8:33  Drone  
  75  8:38  Hydralisk x4  
  83  8:44  Hydralisk  
  83  8:45  Hydralisk  
  87  8:55  Zergling x2  
Tags
 
Add a new tag
Caveats
  • Supply blocks, unpowered buildings, or Contaminate may cause inaccurate times.
  • Supply counts are checked every 10 seconds.